 Seeded DCSS version 0.29-a0-923-g6e406bff71 (webtiles) character file.

Game seed: 20220728 (custom seed)

651 purpskrrrp the Cudgeller (level 7, -6/43 HPs)
             Began as a Gargoyle Monk on July 28, 2022.
             Was a High Priest of Jiyva (penitent).
             Mangled by a wight
             ... wielding a +1 vorpal great sword
              (12 damage)
             ... on level 6 of the Dungeon.
             The game lasted 00:11:05 (4103 turns).

purpskrrrp the Cudgeller (Gargoyle Monk)            Turns: 4103, Time: 00:11:05

Health: -6/43      AC: 18    Str: 16    XL:     7   Next: 53%
Magic:  7/7        EV: 14    Int: 11    God:    Jiyva [*****.]
Gold:   112        SH:  0    Dex: 12    Spells: 6/6 levels left

rFire   . . .      SeeInvis .   k - +0 flail (protect)
rCold   + . .      Faith    .   (no shield)
rNeg    + . .      Spirit   .   p - +1 ring mail {rC+}
rPois   ∞          Reflect  .   (no helmet)
rElec   +          Harm     .   (no cloak)
rCorr   .          Rampage  .   (no gloves)
Will    .....      Clarity  +   (no boots)
Stlth   ++........              (no amulet)
HPRegen 0.14/turn               (no ring)
MPRegen 0.10/turn               (no ring)

@: under a protective aura
A: sickness immunity, AC +4, negative energy resistance 1, electricity
resistance, torment resistance 1, petrification resistance, clarity, gelatinous
body 3, pseudopods 3
a: Renounce Religion


You were on level 6 of the Dungeon.
You worshipped Jiyva.
Jiyva was demanding penance.
You visited 1 branch of the dungeon, and saw 6 of its levels.

You collected 112 gold pieces.

Inventory:

Hand Weapons
 a - a +0 mace of protection
 k - a +0 flail of protection (weapon)
 r - a +4 dagger
Missiles
 g - 6 boomerangs
 m - a javelin (quivered)
Armour
 b - a +0 robe
 p - a +1 ring mail of cold resistance (worn)
 q - +0 acid dragon scales
Wands
 h - a wand of digging (4)
 n - a wand of roots (8)
Scrolls
 f - a scroll of identify
Potions
 d - a potion of invisibility {unknown}
 j - a potion of heal wounds
 o - 2 potions of curing


   Skills:
 + Level 4.0 Fighting
 * Level 6.9 Maces & Flails
 + Level 0.3 Throwing
 + Level 2.2 Armour
 + Level 3.3 Dodging
 + Level 3.3 Stealth


You had 6 spell levels left.
You didn't know any spells.
Your spell library contained the following spells:

 Spells                   Type           Power      Damage    Failure   Level
 Poisonous Vapours        Pois/Air       0%         N/A       69%         2
 Corpse Rot               Necr/Pois/Air  0%         N/A       100%        4


Dungeon Overview and Level Annotations

Branches:
Dungeon (6/15)
 Temple: D:4-7

Altars:
Trog
Jiyva

Shops:
D:5 (([*(


Innate Abilities, Weirdness & Mutations

You are immune to sickness and miasma.
Your stone body is resilient. (AC +4)
You are immune to poison.
You resist negative energy. (rN+)
You are resistant to electric shocks. (rElec)
You are resistant to unholy torment.
You are immune to petrification.
You possess an exceptional clarity of mind.
Your gelatinous body deflects attacks. (AC +3, EV +3)
Armour fits poorly on your massive pseudopods.


Message History

The wight hits you but does no damage.
The wight hits you with a +2 falchion of freezing.
The wight freezes you. The wight closely misses you.
The wight hits you but does no damage.
You are too injured to fight recklessly!
You are too injured to fight recklessly!
You are too injured to fight recklessly!
You are too injured to fight recklessly!
You are too injured to fight recklessly!
You are too injured to fight recklessly!
You are too injured to fight recklessly!
You are too injured to fight recklessly!
You hit the wight but do no damage.
The wight is moderately damaged.
The wight closely misses you. The wight hits you but does no damage.
The wight barely misses you.
The wight hits you from afar with a +0 trident!
* * * LOW HITPOINT WARNING * * *
You thump the wight!
The wight is severely damaged.
The wight misses you. x3; The wight hits you but does no damage.
You barely miss the wight.
The wight is severely damaged.
The wight barely misses you. The wight closely misses you.
The wight hits you with a +2 dagger.
* * * LOW HITPOINT WARNING * * *
The wight completely misses you.
You barely miss the wight.
The wight is severely damaged.
The wight closely misses you. The wight misses you.
The wight hits you but does no damage. x2
You hit the wight. Your punch misses the wight.
The wight is almost destroyed.
The wight closely misses you. The wight misses you. x2
The wight hits you but does no damage.
You hit the wight but do no damage.
The wight is almost destroyed.
The wight closely misses you.
The wight hits you with a +1 vorpal great sword!
You die...

###### .....
######...
........#
#....<#
#....<#
+..z@##
#.zzz'......
#....##.....
....... ....
#........
#..
#........# .
#........#
#........+


You could see 4 wights.

Vanquished Creatures
  An acid dragon (D:4)
  A phantom (D:5)
  A kobold brigand (D:3)
  2 scorpions
  A jelly (D:5)
  An orc priest (D:4)
  5 hounds (D:5)
  2 iguanas
  3 orc wizards
  3 gnolls (D:2)
  3 adders
  5 orcs
  3 bats
  2 endoplasms (D:1)
  2 giant cockroaches
  4 goblins
  5 hobgoblins
  4 jackals (D:5)
  8 kobolds
  A quokka (D:3)
  3 ball pythons
  2 rats
62 creatures vanquished.

Vanquished Creatures (others)
  6 jellies
  An orc priest (D:5)
  The ghost of IdlyInterested the Charlatan, a weakling DsWn (D:3)
  3 adders
  4 orcs
  An endoplasm (D:3)
  A giant cockroach (D:4)
  A goblin (D:4)
  2 hobgoblins
  9 kobolds
  A quokka (D:1)
  A ball python (D:1)
  A rat (D:3)
  4 fungi (D:3)
36 creatures vanquished.

Grand Total: 98 creatures vanquished

Notes
Turn   | Place    | Note
-------+----------+-------------------------------------------
     0 | D:1      | purpskrrrp the Gargoyle Monk began the quest for the Orb.
     0 | D:1      | Reached XP level 1. HP: 14/14 MP: 1/1
   256 | D:1      | Reached XP level 2. HP: 19/19 MP: 2/2
   451 | D:1      | Found a faded altar of an unknown god.
   484 | D:1      | Prayed at the altar of an unknown god.
   484 | D:1      | Became a worshipper of Jiyva Jirghucu the Shapeless
   484 | D:1      | Reached * piety under Jiyva
   484 | D:1      | Reached ** piety under Jiyva
   559 | D:1      | Reached *** piety under Jiyva
  1329 | D:2      | Reached **** piety under Jiyva
  1564 | D:2      | Gained mutation: You have a small jelly attached to you
                  | that senses nearby items. [Jiyva's grace]
  1564 | D:2      | Gained mutation: Armour fits poorly on your pseudopods.
                  | [Jiyva's grace]
  1564 | D:2      | Gained mutation: Armour fits poorly on your large
                  | pseudopods. [Jiyva's grace]
  1564 | D:2      | Gained mutation: Armour fits poorly on your massive
                  | pseudopods. [Jiyva's grace]
  1702 | D:2      | Reached XP level 3. HP: 23/23 MP: 3/3
  1706 | D:2      | Reached skill level 4 in Maces & Flails
  1863 | D:3      | Reached XP level 4. HP: 28/28 MP: 4/4
  2019 | D:3      | Noticed a kobold brigand
  2020 | D:3      | Found a runed translucent gate.
  2021 | D:3      | Found a runed translucent gate.
  2021 | D:3      | Noticed IdlyInterested's ghost (weakling DsWn)
  2022 | D:3      | Found a runed translucent gate.
  2329 | D:3      | Killed IdlyInterested's ghost
  2335 | D:3      | Killed a kobold brigand
  2450 | D:4      | Noticed a scorpion
  2459 | D:4      | Killed a scorpion
  2460 | D:4      | Reached skill level 5 in Maces & Flails
  2460 | D:4      | Reached XP level 5. HP: 33/33 MP: 5/5
  2513 | D:4      | Reached ***** piety under Jiyva
  2519 | D:4      | Noticed Eustachio
  2528 | D:4      | Slimified Eustachio
  2528 | D:4      | Noticed Eustachio
  2528 | D:4      | Eustachio changed into Eustachio the jelly
  2566 | D:4      | Noticed an acid dragon
  2575 | D:4      | Reached XP level 6. HP: 23/38 MP: 6/6
  2578 | D:4      | Killed an acid dragon
  2636 | D:4      | Found a bloodstained altar of Trog.
  3007 | D:5      | Entered Level 5 of the Dungeon
  3157 | D:5      | Reached skill level 6 in Maces & Flails
  3271 | D:5      | Reached skill level 1 in Armour
  3299 | D:5      | Reached XP level 7. HP: 42/42 MP: 7/7
  3370 | D:5      | Lost mutation: You have a small jelly attached to you that
                  | senses nearby items. [Jiyva's grace]
  3370 | D:5      | Gained mutation: Your rubbery body absorbs attacks. (AC +1,
                  | EV +1) [Jiyva's grace]
  3370 | D:5      | Gained mutation: Your pliable body absorbs attacks. (AC +2,
                  | EV +2) [Jiyva's grace]
  3370 | D:5      | Gained mutation: Your gelatinous body deflects attacks. (AC
                  | +3, EV +3) [Jiyva's grace]
  3370 | D:5      | Gained mutation: You possess an exceptional clarity of
                  | mind. [Jiyva's grace]
  3501 | D:5      | Found Hisiniz's Antique Weapon Boutique.
  3599 | D:5      | Found Ytogiy Teib's Assorted Antiques.
  3660 | D:5      | Found Ygguceiluo's Armour Shop.
  3669 | D:5      | Found Himuushro's Weapon Boutique.
  3836 | D:5      | Found Weocob's Antique Weapon Shoppe.
  3999 | D:5      | Was placed under penance by Jiyva
  4103 | D:6      | Mangled by a wight

Illustrated notes

Levels and vault maps discovered:
D:1:      dpeg_arrival_erosion, layout_basic, ebering_ecumenical_altar_abandoned
D:2:      layout_basic
D:3:      layout_loops_ring, gammafunk_ghost_nasty_kobolds
D:4:      layout_gridville, lemuel_tele_altar, st_stairs_3, uniq_eustachio
D:5:      minmay_evil_eye, layout_basic, serial_shops, nicolae_diamond_shop,
          shop_fountains, shop, shop, nicolae_shop_advertising_works
          [nicolae_subvault_shop_adworks]
D:6:      layout_basic, minitemple, minmay_temple_entry_mist,
          cheibrodos_sewer_entry_bend, uniq_blork_the_orc, uniq_prince_ribbit1

Skill      XL: |  1  2  3  4  5  6  7 |
---------------+----------------------+-----
Maces & Flails | 4 5 6 |  6.9
Stealth        | 3 |  3.3
Dodging        | 3 |  3.3
Armour         | 1 2 |  2.2
Fighting       | 4 |  4.0
Throwing       | |  0.3

Action                   |  1- 3 |  4- 6 |  7- 9 || total
-------------------------+-------+-------+-------++-------
Melee: Mace              |    62 |       |       ||    62
       Pseudopods        |     4 |    17 |     8 ||    29
       Flail             |    10 |   114 |    63 ||   187
       Punch             |       |     2 |       ||     2
Throw: Javelin           |       |     3 |       ||     3
Invok: Slimify           |       |     1 |       ||     1
  Use: Potion            |     2 |       |       ||     2
       Scroll            |     1 |       |     6 ||     7
 Stab: Sleeping          |     4 |     1 |       ||     5
Armor: Robe              |    17 |     3 |       ||    20
       Ring mail         |       |    40 |    35 ||    75
Dodge: Dodged            |    59 |    78 |    60 ||   197

Table legend: (Time is in decaauts)
 A = Elapsed time spent in this place.
 B = Non-inter-level travel time spent in this place.
 C = Inter-level travel time spent in this place.
 D = Time resting spent in this place.
 E = Time spent auto-exploring this place.
 F = Levels seen in this place.
 G = Mean time per level.
                   A        B        C        D        E       F      G
               +--------+--------+--------+--------+--------+-----+--------+
         Total |   4136 |   3837 |    299 |      0 |   3022 |   6 |  689.3 |
       Dungeon |   4136 |   3837 |    299 |      0 |   3022 |   6 |  689.3 |
               +--------+--------+--------+--------+--------+-----+--------+

Top non-repeatable levels by time:
     D:1: 1102 daAuts
     D:5: 1086 daAuts
     D:2: 753 daAuts
     D:4: 619 daAuts
     D:3: 557 daAuts
     D:6: 15 daAuts
